 Dungeon Crawl Stone Soup version 0.31-a0-1611-g890cdf5 (webtiles) character file.

Game seed: 15526871366139989781

2146 PidgeyThePirate the Grappler (level 9, -6/58 HPs)
             Began as a Djinni Shapeshifter on Jan 8, 2024.
             Mangled by a yak (11 damage)
             ... on level 7 of the Dungeon.
             The game lasted 00:12:55 (7106 turns).

PidgeyThePirate the Grappler (Djinni Shapeshifter)  Turns: 7106, Time: 00:12:55

Health: -6/58      AC:  7    Str: 15 (17) XL:     9   Next: 56%
Gold:   552        EV: 11    Int:  9 (11) God:
                   SH:  0    Dex: 11 (12)

rFire   + +          +
                       - Unarmed
rCold   x . .        (no shield)
rNeg    . . .        m - +2 ring mail {rF+}
rPois   ∞            (helmet currently unavailable)
rElec   .            (cloak currently unavailable)
rCorr   .            (gloves currently unavailable)
SInv    .            (boots unavailable)
Will    .....        (no amulet)
Stlth   +            y - ring of wizardry
HPRegen 0.29/turn    (no ring)
MPRegen 0.00/turn

%: wizardry (x1), infuse magic (-7 HP)
@: beast-form, flying, invisible
A: beast (slay +2), flying, sickness immunity, fire resistance 2, cold
vulnerability 1, float, innate caster, HP casting, extra vitality 1, dopey 1
a: Begin Untransformation


You were on level 7 of the Dungeon.
You were a hulking beast.
You visited 2 branches of the dungeon, and saw 8 of its levels.

You collected 552 gold pieces.

Inventory:

Armour
 a - a +0 animal skin
 m - a +2 ring mail of fire resistance (worn)
 r - the +1 helmet of Pathos {Rampage rC+++ MP-9 Dex+5}
   (You took it off Robin on level 3 of the Dungeon)

   Dex+5:     It affects your dexterity (+5).
   rC+++:     It renders you almost immune to cold.
   MP-9:      It affects your magic capacity (-9).
   Rampage:   It bestows one free step when moving towards enemies.
 B - a +2 cloak
Magical Staves
 q - a staff of alchemy
Jewellery
 b - a +6 ring of intelligence
 y - a ring of wizardry (left hand)
Talismans
 c - a beast talisman
 d - a flux talisman
 u - a maw talisman
Scrolls
 e - 2 scrolls of enchant armour
 f - 2 scrolls of identify
 i - 2 scrolls of immolation
 j - a scroll of vulnerability {unknown}
 k - 2 scrolls of fog {unknown}
 l - a scroll of silence {unknown}
 o - a scroll of fear {unknown}
 p - 3 scrolls of enchant weapon
 s - a scroll of revelation {unknown}
 t - 2 scrolls of teleportation {unknown}
 v - a scroll of blinking {unknown}
 w - a scroll of noise {unknown}
Potions
 g - 2 potions of magic
 z - 2 potions of mutation


   Skills:
 + Level 2.0 Fighting
 + Level 4.2 Armour
 + Level 4.1 Dodging
 + Level 0.7 Stealth
 * Level 9.8 Unarmed Combat
 * Level 4.7 Shapeshifting


You knew the following spells:

 Your Spells              Type           Power      Damage    Failure   Level
a - Apportation           Tloc           0%         N/A       28%         1
b - Ensorcelled Hibernat  Hex/Ice        0%         N/A       41%         2
c - Mercury Vapours       Alch/Air       0%         N/A       41%         2
d - Confusing Touch       Hex            0%         N/A       63%         3
Your spell library was empty.

Dungeon Overview and Level Annotations

Branches:
Dungeon (7/15)             Temple (1/1) D:5

Altars:
Ashenzari
Cheibriados
Elyvilon
Fedhas
Gozag
Makhleb
Nemelex Xobeh
Okawaru
Ru
Trog
Uskayaw
Wu Jian
Yredelemnul
Zin
The Shining One


Innate Abilities, Weirdness & Mutations

You are a hulking beast.
Your limbs bulge with bestial killing power. (Slay +2)
You are flying.
You are immune to sickness and miasma.
You are immune to poison.
Your flesh is very heat resistant. (rF++)
You are vulnerable to cold. (rC-)
You float through the air rather than walking.
You learn spells naturally, not from books.
Your magical power is your life essence.
You have superior vitality. (+4 MHP)
You are dopey. (Int -2)


Message History

The yak attacks as it pursues you! The yak misses you.
The yak attacks as it pursues you! The yak gores you!
You reach down and open the door.
The yak gores you but does no damage.
There is an open door here.
The yak attacks as it pursues you! The yak gores you but does no damage.
You reach down and open the door.
The yak gores you but does no damage.
Found a gold wand.
The yak attacks as it pursues you! The yak gores you.
There is an open door here.
You hit the yak.
The yak is lightly wounded.
The yak gores you!
It was a potion of magic.
Magic washes over you without effect. The yak gores you!
* * * LOW HITPOINT WARNING * * *
The yak closely misses you.
You feel better. The yak gores you.
* * * LOW HITPOINT WARNING * * *
The yak gores you.
* * * LOW HITPOINT WARNING * * *
It was a potion of degeneration.
There was something very wrong with that liquid.
You feel weakened.
You feel dopey.
You feel clumsy. The yak closely misses you. The yak barely misses you.
It was a potion of invisibility.
You fade into invisibility!
The yak gores you but does no damage. The yak completely misses you.
As you read the scroll labelled JATAN EKKAE, it crumbles to dust.
The creatures around you are filled with an inner flame!
It was a scroll of immolation.
As you read the scroll labelled TUF ZIEZUE, it crumbles to dust.
It is a scroll of identify.
e - 2 scrolls of enchant armour The yak misses you.
The yak gores you!
* * * LOW HITPOINT WARNING * * *
As you read the scroll labelled KEXZEYH COUCYTWU, it crumbles to dust.
It is a scroll of enchant weapon.
You aren't carrying any weapons that can be enchanted.
The yak gores you!
You die...

#......................#
#......................#
#.....######+#####.....#
#.....'...# #.....#
#.....#...+ #.....#
#.....#...# #.....#
#.....#...# #.....#
#.....#...# #.....#
#...[.#h..# ##'###.
#.....#Y..# #...#.
#.....#Y..# #######...#.
#.....#Y..###....##...#.
#.....#Y...#..........#.
###
#.....#Y...#..........#.
..#
#.....#....#.....######.
..#
#..Y..#....#######......
..#
#.Y...#....##...........


You could see 5 yaks.

Vanquished Creatures
  Grinder (D:4)
  Sigmund (D:3)
  Menkaure (D:4)
  2 water moccasins
  2 ice beasts
  A sky beast (D:4)
  Blork the orc (D:4)
  3 bullfrogs (D:7)
  2 scorpions
  2 bombardier beetles (D:6)
  2 orc priests
  4 hounds
  6 iguanas
  4 orc wizards
  Robin (D:3)
  4 gnolls (D:4)
  8 adders
  A shadow imp (D:7)
  A white imp (D:5)
  8 ufetubi
  3 dart slugs
  2 ribbon worms
  24 orcs
  6 endoplasms
  2 giant cockroaches
  11 goblins
  9 hobgoblins
  4 jackals (D:1)
  3 quokkas
  8 ball pythons
  6 bats
  3 frilled lizards
  5 kobolds
  7 rats
148 creatures vanquished.

Notes
Turn   | Place    | Note
-------+----------+-------------------------------------------
     0 | D:1      | PidgeyThePirate the Djinni Shapeshifter began the quest for
                  | the Orb.
     0 | D:1      | Reached XP level 1. HP: 17/17 MP: 0/0
    78 | D:1      | Reached XP level 2. HP: 11/22 MP: 0/0
   426 | D:1      | Reached XP level 3. HP: 15/27 MP: 0/0
   426 | D:1      | Learned a level 1 spell: Apportation
  1189 | D:2      | Reached XP level 4. HP: 27/32 MP: 0/0
  1398 | D:2      | Reached skill level 4 in Unarmed Combat
  2051 | D:3      | Found a glowing golden altar of the Shining One.
  2181 | D:3      | Reached XP level 5. HP: 36/37 MP: 0/0
  2181 | D:3      | Learned a level 2 spell: Ensorcelled Hibernation
  2222 | D:3      | Noticed Sigmund
  2414 | D:3      | Killed Sigmund
  2415 | D:3      | Reached skill level 1 in Armour
  2415 | D:3      | Reached skill level 5 in Unarmed Combat
  2415 | D:3      | Reached XP level 6. HP: 30/42 MP: 0/0
  2469 | D:3      | Found an iron altar of Okawaru.
  2481 | D:3      | Identified the +1 helmet of Pathos {Rampage rC+++ MP-9
                  | Dex+5}
  2481 | D:3      | Noticed Robin
  2490 | D:3      | Killed Robin
  3011 | D:4      | Found a burning altar of Makhleb.
  3127 | D:4      | Noticed Blork the orc
  3145 | D:4      | Killed Blork the orc
  3146 | D:4      | Reached XP level 7. HP: 38/47 MP: 0/0
  3146 | D:4      | Learned a level 2 spell: Mercury Vapours
  3255 | D:4      | Reached skill level 6 in Unarmed Combat
  3468 | D:4      | Noticed Grinder
  3473 | D:4      | Paralysed by Grinder for 5 turns
  3479 | D:4      | Gained mutation: You are dopey. (Int -2) [potion of
                  | mutation]
  3501 | D:4      | Paralysed by Grinder for 5 turns
  3523 | D:4      | Killed Grinder
  3524 | D:4      | Reached skill level 7 in Unarmed Combat
  3524 | D:4      | Reached XP level 8. HP: 28/52 MP: 0/0
  3808 | D:4      | Found a basalt altar of Yredelemnul.
  3846 | D:4      | Noticed Menkaure
  3853 | D:4      | Killed Menkaure
  4205 | D:5      | Entered Level 5 of the Dungeon
  4676 | D:5      | Reached skill level 8 in Unarmed Combat
  4800 | D:5      | Found a staircase to the Ecumenical Temple.
  5192 | Temple   | Entered the Ecumenical Temple
  5519 | D:6      | Reached XP level 9. HP: 39/58 MP: 0/0
  5519 | D:6      | Learned a level 3 spell: Confusing Touch
  5980 | D:6      | Reached skill level 9 in Unarmed Combat
  7095 | D:7      | HP: 1/58 [yak (10)]
  7106 | D:7      | Mangled by a yak

Illustrated notes

Levels and vault maps discovered:
D:1:      lightli_arrival_isolated_outpost, layout_basic
D:2:      layout_loops_corners, minmay_vboxes
D:3:      layout_loops_ring, tso_altar, okawaru_gym_becter, feat_on_display,
          uniq_robin, uniq_sigmund
D:4:      layout_basic, mainiacjoe_overflow_boulevard,
          mainiacjoe_overflow_swirl, kennysheep_generic_room_10, uniq_menkaure,
          uniq_grinder, uniq_blork_the_orc
D:5:      layout_gridville, minmay_temple_entry_mist, nicolae_nh_ransacked_shop
D:6:      layout_gridville
D:7:      layout_gridville, st_stairs_12
Temple:   nicolae_temple_figure_eight

Skill      XL: |  1  2  3  4  5  6  7  8  9 |
---------------+----------------------------+-----
Shapeshifting  | 3 4 |  4.7
Unarmed Combat | 4 5 7 8 9 |  9.8
Armour         | 1 2 3 4 |  4.2
Dodging        | 3 4 |  4.1
Fighting       | 2 |  2.0
Stealth        | |  0.7

Action                     |  1- 3 |  4- 6 |  7- 9 || total
---------------------------+-------+-------+-------++-------
  Melee: Unarmed           |    88 |   162 |   268 ||   518
         Punch             |     4 |     2 |    10 ||    16
    Use: Potion            |     1 |       |    11 ||    12
         Scroll            |       |       |     3 ||     3
 Armour: Animal skin       |    51 |    14 |       ||    65
         Ring mail         |       |   123 |   215 ||   338
         Skin              |       |       |     8 ||     8
  Dodge: Dodged            |    57 |   107 |   172 ||   336

Table legend: (Time is in decaauts)
 A = Elapsed time spent in this place.
 B = Non-inter-level travel time spent in this place.
 C = Inter-level travel time spent in this place.
 D = Time resting spent in this place.
 E = Time spent auto-exploring this place.
 F = Levels seen in this place.
 G = Mean time per level.
                   A        B        C        D        E       F      G
               +--------+--------+--------+--------+--------+-----+--------+
         Total |   7037 |   6738 |    299 |      0 |   5456 |   8 |  879.6 |
       Dungeon |   6978 |   6734 |    244 |      0 |   5456 |   7 |  996.9 |
        Temple |     58 |      3 |     55 |      0 |      0 |   1 |   58.0 |
               +--------+--------+--------+--------+--------+-----+--------+

Top non-repeatable levels by time:
     D:4: 1520 daAuts
     D:2: 1319 daAuts
     D:6: 1112 daAuts
     D:1: 845 daAuts
     D:5: 808 daAuts
     D:3: 780 daAuts
     D:7: 591 daAuts
  Temple: 58 daAuts
